 Dungeon Crawl Stone Soup version 0.30-a0-726-gd89dcf765f (webtiles) character file.

Game seed: 2015349092290767420

86 Crownlay the Sneak (level 4, -1/27 HPs)
             Began as an Octopode Earth Elementalist on Jan 29, 2023.
             Slain by a kobold brigand
             ... wielding a +0 club
              (4 damage)
             ... on level 3 of the Dungeon.
             The game lasted 00:03:48 (1951 turns).

Crownlay the Sneak (Octopode Earth Elementalist)    Turns: 1951, Time: 00:03:49

Health: -1/27      AC:  1    Str: 13    XL:     4   Next: 49%
Magic:  3/7        EV: 13    Int: 19    God:
Gold:   146        SH:  0    Dex: 12    Spells: 3/7 levels left

rFire   . . .      SeeInvis .    b - +0 dagger
rCold   . . .      Faith    .    (no shield)
rNeg    . . .      Spirit   .    (helmet restricted)
rPois   .          Reflect  .    (no amulet)
rElec   .          Harm     .    l - +6 ring of strength
rCorr   .          Rampage  .    (no ring)
Will    .....                    (no ring)
Stlth   ++++                     (no ring)
HPRegen 0.24/turn                (no ring)
MPRegen 0.10/turn                (no ring)
                                 (no ring)
                                 (no ring)

@: slowed, very slow
A: almost no armour, amphibious, 8 rings, camouflage 1, gelatinous body 1,
(nimble swimmer 1), tentacles
a: no special abilities


You were on level 3 of the Dungeon.
You visited 1 branch of the dungeon, and saw 3 of its levels.

You collected 146 gold pieces.

Inventory:

Hand Weapons
 b - a +0 dagger (weapon)
Jewellery
 l - a +6 ring of strength (left tentacle)
Scrolls
 c - 2 scrolls of silence {unknown}
 d - 2 scrolls of vulnerability {unknown}
 e - a scroll of immolation {unknown}
 g - 6 scrolls of teleportation
 h - a scroll of fear {unknown}
 m - a scroll of magic mapping {unknown}
Potions
 a - a potion of magic
 f - 2 potions of lignification {unknown}
 i - 2 potions of invisibility {unknown}
 k - a potion of mutation {unknown}


   Skills:
 - Level 2.0 Dodging
 * Level 5.6 Stealth
 - Level 2.0 Spellcasting
 - Level 1.0 Transmutations
 + Level 3.8 Earth Magic


You had 3 spell levels left.
You knew the following spells:

 Your Spells              Type           Power      Damage    Failure   Level
a - Sandblast             Erth           32%        2d9       3%          1
b - Stone Arrow           Conj/Erth      18%        3d8       24%         3

Your spell library contained the following spells:

 Spells                   Type           Power      Damage    Failure   Level
 Passwall                 Tmut/Erth      9%         N/A       10%         2
 Petrify                  Tmut/Erth      11%        N/A       54%         4


Dungeon Overview and Level Annotations

Branches:
Dungeon (3/15)

Altars:

Annotations:
D:3 Terence


Innate Abilities, Weirdness & Mutations

You cannot wear most types of armour.
You are amphibious.
You can wear up to eight rings at the same time.
Your skin changes colour to match your surroundings (Stealth+).
Your rubbery body absorbs attacks. (AC +1, EV +1)
((You are camouflaged when in or above water. (Stealth+)))
You have tentacles for arms and can constrict up to eight enemies at once.


Message History

Found an escape hatch in the floor.
No target in view!
l - a +6 ring of strength You feel stronger.
l - a +6 ring of strength (left tentacle)
There is an escape hatch in the floor here.
m - a scroll labelled CAWEAFISHRI You open the door.
There is a stone staircase leading down here.
The blast of sand hits the kobold brigand!
The kobold brigand is moderately wounded.
The kobold brigand shouts!
The blast of sand hits the kobold brigand!
The kobold brigand is heavily wounded.
The kobold brigand throws a curare-tipped dart.
The curare-tipped dart hits you.
You are poisoned.
You have difficulty breathing.
You feel yourself slow down.
The blast of sand hits the kobold brigand!
The kobold brigand is almost dead.
You feel extremely sick. The kobold brigand misses you.
The kobold brigand hits you with a +0 club.
* * * LOW HITPOINT WARNING * * *
You are too injured to fight recklessly!
You are too injured to fight recklessly!
You feel better.
The kobold brigand hits you with a +0 club.
* * * LOW HITPOINT WARNING * * *
The kobold brigand hits you with a +0 club.
* * * LOW HITPOINT WARNING * * *
Casting: Sandblast (safe; 3% risk of failure)
Confirm with . or Enter, or press ? or * to list all spells.
Aiming: Sandblast (safe; 3% risk of failure)
Press: ? - help, Shift-Dir - straight line, f/p - kobold brigand
Aim: a kobold brigand, wielding a +0 club and quivering curare-tipped darts (almost dead, 77% to hit)
The blast of sand hits the kobold brigand.
The kobold brigand is almost dead.
The kobold brigand hits you with a +0 club.
You die...

...###.......#
#...##....(. .
#.......#
######......
#.......# #.†....
#.......# #......
#.......#
####......
######.##
#....#†### #.##
###..#.### #..#
#..#.#~~ ##@#
#######....~~~
#.K###.)...###~~~~≈
#....)...).).######
#.....#####..)K...#
#######≈≈≈###..K...
~~~≈~~~ ####.
#~~~~~~~~ ##
###~~~#### #####


You could see a kobold brigand.

Vanquished Creatures
  A gnoll (D:1)
  An adder (D:3)
  4 worms
  3 dart slugs
  4 endoplasms
  3 giant cockroaches
  6 hobgoblins
  3 jackals (D:3)
  8 kobolds
  3 ball pythons
  5 bats
  3 frilled lizards
  3 goblins
  4 rats
51 creatures vanquished.

Vanquished Creatures (others)
  A frilled lizard (D:3)
1 creature vanquished.

Grand Total: 52 creatures vanquished

Notes
Turn   | Place    | Note
-------+----------+-------------------------------------------
     0 | D:1      | Crownlay the Octopode Earth Elementalist began the quest
                  | for the Orb.
     0 | D:1      | Reached XP level 1. HP: 11/11 MP: 3/3
    32 | D:1      | Reached skill level 3 in Stealth
    53 | D:1      | Reached XP level 2. HP: 16/17 MP: 0/5
   360 | D:1      | Reached skill level 4 in Stealth
   456 | D:1      | Reached XP level 3. HP: 21/21 MP: 3/6
   902 | D:2      | Found Witiucza's Weapon Shop.
  1403 | D:3      | Reached skill level 5 in Stealth
  1426 | D:3      | Noticed Terence
  1434 | D:3      | Learned a level 3 spell: Stone Arrow
  1483 | D:3      | Noticed a kobold brigand
  1483 | D:3      | Noticed a kobold brigand
  1485 | D:3      | Reached XP level 4. HP: 19/27 MP: 1/7
  1951 | D:3      | Slain by a kobold brigand

Illustrated notes

Levels and vault maps discovered:
D:1:      amcnicky_arrival_wind_blow, layout_rooms, minmay_fountain_box
D:2:      layout_basic, serial_shops, nicolae_shop_crystal, serial_bayou_pond_c,
          wad_floor_pattern_2
D:3:      cheibrodos_thug_alley, layout_basic, yredelemnul_altar_generic,
          kennysheep_generic_room_11, uniq_terence, uniq_natasha, uniq_jessica

Skill      XL: |  1  2  3 |
---------------+----------+-----
Stealth        | 3 4 5 |  5.6
Dodging        | |  2.0
Spellcasting   | |  2.0
Transmutations | |  1.0
Earth Magic    | |  3.8

Action                     |  1- 3 |  4- 6 || total
---------------------------+-------+-------++-------
  Melee: Unarmed           |     8 |       ||     8
         Constrict         |     3 |     1 ||     4
         Tentacles         |     2 |       ||     2
         Dagger            |     1 |     4 ||     5
   Cast: Sandblast         |    54 |    24 ||    78
    Use: Scroll            |     1 |     1 ||     2
         Potion            |       |     2 ||     2
 Armour: Skin              |     2 |     1 ||     3
  Dodge: Dodged            |    14 |     7 ||    21

Table legend: (Time is in decaauts)
 A = Elapsed time spent in this place.
 B = Non-inter-level travel time spent in this place.
 C = Inter-level travel time spent in this place.
 D = Time resting spent in this place.
 E = Time spent auto-exploring this place.
 F = Levels seen in this place.
 G = Mean time per level.
                   A        B        C        D        E       F      G
               +--------+--------+--------+--------+--------+-----+--------+
         Total |   2000 |   1968 |     32 |     60 |   1557 |   3 |  666.7 |
       Dungeon |   2000 |   1968 |     32 |     60 |   1557 |   3 |  666.7 |
               +--------+--------+--------+--------+--------+-----+--------+

Top non-repeatable levels by time:
     D:2: 729 daAuts
     D:1: 686 daAuts
     D:3: 584 daAuts
